 Dungeon Crawl Stone Soup version 0.32-a0-643-ga006e7742e (webtiles) character file.

Game seed: 15460503921398422474

65 Dittersdorf the Covered (level 4, -1/29 HPs)
             Began as a Gargoyle Fighter on Mar 7, 2024.
             Incinerated by a bombardier beetle (5 damage)
             ... with a burning spray
             ... on level 3 of the Dungeon.
             The game lasted 00:01:49 (1961 turns).

Dittersdorf the Covered (Gargoyle Fighter)          Turns: 1961, Time: 00:01:49

Health: -1/29      AC: 14    Str: 22    XL:     4   Next: 13%
Magic:  4/4        EV:  8    Int:  8    God:
Gold:   58         SH:  5    Dex: 15    Spells: 3/3 levels left

rFire   . . .        j - +1 mace (drain)
rCold   . . .        c - +0 buckler
rNeg    + . .        i - +0 chain mail
rPois   ∞            (no helmet)
rElec   +            (no cloak)
rCorr   .            m - +0 pair of gloves
SInv    .            (no boots)
Will    .....        o - amulet of magic regeneration Stlth
                     r - +6 ring of dexterity
HPRegen 0.24/turn    (no ring)
MPRegen 0.49/turn

%: no passive effects
@: on fire, glowing
A: sickness immunity, AC +3, negative energy resistance 1, electricity
resistance, torment resistance 1, petrification resistance
a: no special abilities


You were on level 3 of the Dungeon.
You visited 1 branch of the dungeon, and saw 3 of its levels.

You collected 58 gold pieces.

Inventory:

Hand Weapons
 a - a +0 flail
 j - a +1 mace of draining (weapon)
Armour
 c - a +0 buckler (worn)
 i - a +0 chain mail (worn)
 m - a +0 pair of gloves (worn)
Jewellery
 o - an amulet of magic regeneration (around neck)
 r - a +6 ring of dexterity (left hand)
Scrolls
 b - a scroll of fog {unknown}
 e - a scroll of identify {unknown}
 f - 3 scrolls of brand weapon {unknown}
 g - a scroll of noise {unknown}
 k - a scroll of fear {unknown}
 p - a scroll of teleportation {unknown}
 q - a scroll of vulnerability {unknown}
Potions
 d - a potion of might
 h - 2 potions of enlightenment {unknown}
 l - a potion of lignification {unknown}
 n - 4 potions of attraction {unknown}


   Skills:
 + Level 3.8 Fighting
 + Level 2.7 Maces & Flails
 + Level 3.9 Armour
 + Level 3.8 Shields


You had 3 spell levels left.
You didn't know any spells.
Your spell library was empty.

Dungeon Overview and Level Annotations

Branches:
Dungeon (3/15)

Altars:


Innate Abilities, Weirdness & Mutations

You are immune to sickness and miasma.
Your stone body is resilient. (AC +3)
You are immune to poison.
You resist negative energy. (rN+)
You are resistant to electric shocks. (rElec)
You are resistant to unholy torment.
You are immune to petrification.


Message History

You are frozen.
You hit the endoplasm. You drain the endoplasm.
You kill the endoplasm!
There is a stone staircase leading down here.
You start resting.
HP restored.
You climb downwards.
There is a stone staircase leading up here.
There is an open door here.
You now have 58 gold pieces (gained 10).
The bombardier beetle sprays incendiary fluid at you.
The burning spray hits you.
You are covered in liquid fire!
You shake off some of the fire as you move.
The liquid fire burns you!
You shake off some of the fire as you move.
The liquid fire burns you!
The bombardier beetle sprays incendiary fluid at you.
The burning spray hits you.
You are even more covered in liquid fire!
You shake off some of the fire as you move.
The liquid fire burns you!
You hit the bombardier beetle but do no damage.
The liquid fire burns you!
The bombardier beetle sprays incendiary fluid at you.
The burning spray misses you.
You barely miss the bombardier beetle. The liquid fire burns you!
The bombardier beetle barely misses you.
You sock the bombardier beetle!
The bombardier beetle is heavily wounded.
The liquid fire burns you!
* * * LOW HITPOINT WARNING * * *
The bombardier beetle sprays incendiary fluid at you.
The burning spray hits you.
You are even more covered in liquid fire!
You hit the bombardier beetle. You drain the bombardier beetle.
The bombardier beetle is almost dead.
The liquid fire burns you!
You die...

#.################
#.................
#..............###
#..............#
#..............#
#####..........#####
#.......######## #.......#
#######....@..+
#....<.....B..# #######
#.............# #.....#
#.............#######.....##
#...................'.......
..........###........#.....##
#..........#..........#.....#
#......=...#..........#.....#
#..........#..........#.....#


You could see a bombardier beetle (very drained).

Vanquished Creatures
  3 adders (D:2)
  2 dart slugs (D:1)
  3 ribbon worms (D:2)
  6 bats
  2 endoplasms (D:2)
  A giant cockroach (D:2)
  3 goblins
  3 hobgoblins
  A frilled lizard (D:2)
  2 kobolds
  4 rats
30 creatures vanquished.

Notes
Turn   | Place    | Note
-------+----------+-------------------------------------------
     0 | D:1      | Dittersdorf the Gargoyle Fighter began the quest for the
                  | Orb.
     0 | D:1      | Reached XP level 1. HP: 14/14 MP: 1/1
   372 | D:1      | Found a faded altar of an unknown god.
   412 | D:1      | Reached XP level 2. HP: 19/19 MP: 2/2
   793 | D:2      | Reached XP level 3. HP: 17/23 MP: 3/3
  1225 | D:2      | Reached XP level 4. HP: 29/29 MP: 4/4
  1961 | D:3      | Incinerated by a bombardier beetle

Illustrated notes

Levels and vault maps discovered:
D:1:      dpeg_arrival_triangle_fractal, layout_rooms,
          shapermc_ecumenical_altar_mp_urbaneastern
D:2:      layout_basic, serial_curves, eino_curves_01, eino_curves_04,
          kennysheep_generic_room_9
D:3:      layout_basic, chequers_decorated_corner

Action                     |  1- 3 |  4- 6 || total
---------------------------+-------+-------++-------
  Melee: Flail             |    10 |       ||    10
         Mace              |    69 |    24 ||    93
 Armour: Chain mail        |    61 |    23 ||    84
         Scale mail        |     3 |       ||     3
  Dodge: Dodged            |    29 |    10 ||    39
  Block: Buckler           |    15 |    12 ||    27

Table legend: (Time is in decaauts)
 A = Elapsed time spent in this place.
 B = Non-inter-level travel time spent in this place.
 C = Inter-level travel time spent in this place.
 D = Time resting spent in this place.
 E = Time spent auto-exploring this place.
 F = Levels seen in this place.
 G = Mean time per level.
                   A        B        C        D        E       F      G
               +--------+--------+--------+--------+--------+-----+--------+
         Total |   1995 |   1886 |    109 |     46 |   1408 |   3 |  665.0 |
       Dungeon |   1995 |   1886 |    109 |     46 |   1408 |   3 |  665.0 |
               +--------+--------+--------+--------+--------+-----+--------+

Top non-repeatable levels by time:
     D:2: 1114 daAuts
     D:1: 737 daAuts
     D:3: 142 daAuts
